 Dungeon Crawl Stone Soup version 0.29.1-2-gbd0b4ee654 (webtiles) character file.

Game seed: 6324383813741568802

77 concernfroge the Trooper (level 4, 0/39 HPs)
             Began as a Mummy Monk on Nov 25, 2022.
             Slain by a goblin
             ... wielding a +0 club
              (4 damage)
             ... on level 2 of the Dungeon.
             The game lasted 00:03:12 (1672 turns).

concernfroge the Trooper (Mummy Monk)               Turns: 1672, Time: 00:03:13

Health: 0/39       AC:  7    Str: 24    XL:     4   Next: 13%
Magic:  13/13      EV: 11    Int:  9    God:
Gold:   69         SH:  0    Dex: 14    Spells: 3/3 levels left

rFire   + . .      SeeInvis .   e - +0 morningstar
rCold   + . .      Faith    .   (no shield)
rNeg    + + +      Spirit   .   a - +0 ring mail
rPois   ∞          Reflect  .   (no helmet)
rElec   .          Harm     .   i - +0 cloak
rCorr   .          Rampage  .   (no gloves)
Will    .....                   g - +0 pair of boots
Stlth   +.........              (no amulet)
HPRegen 0.13/turn               h - ring "Baus" {rF++ Will- MP+9 Str+8}
MPRegen 0.13/turn               (no ring)

@: no status effects
A: cold resistance 1, negative energy resistance 3, torment resistance 2, heat
vulnerability 1, in touch with death 1, no potions
a: no special abilities


You were on level 2 of the Dungeon.
You visited 1 branch of the dungeon, and saw 2 of its levels.

You collected 69 gold pieces.

Inventory:

Hand Weapons
 e - a +0 morningstar (weapon)
Missiles
 j - 3 poisoned darts (quivered)
Armour
 a - a +0 ring mail (worn)
 g - a +0 pair of boots (worn)
 i - a +0 cloak (worn)
Jewellery
 d - an amulet of faith
 h - the ring "Baus" (left hand) {rF++ Will- MP+9 Str+8}
   (You found it on level 2 of the Dungeon)

   [ring of magical power]

   Str:       It affects your strength (+8).
   rF:        It greatly protects you from fire.
   MP:        It affects your magic capacity (+9).
   Will:      It decreases your willpower.
Scrolls
 b - a scroll of teleportation {unknown}
 c - 2 scrolls of identify {unknown}
 f - a scroll of brand weapon {unknown}


   Skills:
 + Level 5.0 Fighting
 - Level 2.4 Polearms
 - Level 2.4 Dodging
 - Level 1.5 Stealth


You had 3 spell levels left.
You didn't know any spells.
Your spell library contained the following spells:

 Spells                   Type           Power      Damage    Failure   Level
 Magic Dart               Conj           0%         1d3       54%         1
 Searing Ray              Conj           0%         2d4       67%         2
 Dazzling Flash           Conj/Hex       0%         N/A       88%         3
 Fulminant Prism          Conj/Hex       0%         3d6       99%         4
 Iskenderun's Mystic Bla  Conj/Tloc      0%         2d3       99%         4
 Starburst                Conj/Fire      0%         6d3       100%        6


Dungeon Overview and Level Annotations

Branches:
Dungeon (2/15)

Altars:

Shops:
D:1 (


Innate Abilities, Weirdness & Mutations

You are immune to poison.
Your flesh is cold resistant. (rC+)
You are immune to negative energy. (rN+++)
You are immune to unholy pain and torment.
You are vulnerable to heat. (rF-)
You are in touch with the powers of death.
You do not drink.


Message History

You hit the goblin.
The goblin is moderately wounded.
The goblin closely misses you.
You sock the goblin!
You kill the goblin!
The goblin hits you with a +0 dagger.
* * * LOW HITPOINT WARNING * * *
You hit the goblin.
The goblin is heavily wounded.
The goblin hits you but does no damage.
You barely miss the goblin.
The goblin is heavily wounded.
The goblin hits you but does no damage. x2
You closely miss the goblin.
The goblin is heavily wounded.
The goblin hits you but does no damage.
You closely miss the goblin.
The goblin is heavily wounded.
The goblin closely misses you. The goblin barely misses you.
You closely miss the goblin.
The goblin is heavily wounded.
The goblin hits you with a +0 dagger.
* * * LOW HITPOINT WARNING * * *
You barely miss the goblin.
The goblin is heavily wounded.
The goblin barely misses you. The goblin hits you but does no damage.
You barely miss the goblin.
The goblin is heavily wounded.
The goblin misses you.
You sock the goblin!
You kill the goblin!
The goblin barely misses you.
You closely miss the goblin. The goblin hits you but does no damage.
You closely miss the goblin. The goblin hits you but does no damage.
The goblin hits you with a +0 club.
* * * LOW HITPOINT WARNING * * *
You closely miss the goblin. The goblin closely misses you.
You closely miss the goblin. The goblin misses you.
The goblin hits you with a +0 club.
You die...

################ #.# #.####
.....#.........###.# #.#
.###.#.######...##.# #.#
.###.#.######...##.# #.#
................##.#########.#
####.#.#####.#.###...........#
..[..#.#...#.#.# #...........#
######.#..##.#.###...........#
................@g>.....######
.#####.#..##.#####.##.#.# .#
#.......# #..#.#.# .#
#....#########...#.###
†#####....#.8.8.8.8........
.........##...gggg....#.###
.#####.### $.?g..g...##... .#
#.# ..........############ .#
#.# !.........# #......


You could see a goblin.

Vanquished Creatures
  Ijyb (D:2)
  4 dart slugs
  4 endoplasms
  2 giant cockroaches (D:1)
  9 goblins
  5 hobgoblins (D:1)
  4 ball pythons (D:1)
  3 bats
  3 frilled lizards (D:1)
  2 kobolds (D:1)
  3 rats
40 creatures vanquished.

Notes
Turn   | Place    | Note
-------+----------+-------------------------------------------
     0 | D:1      | concernfroge the Mummy Monk began the quest for the Orb.
     0 | D:1      | Reached XP level 1. HP: 18/18 MP: 1/1
    89 | D:1      | Reached XP level 2. HP: 3/24 MP: 2/2
   636 | D:1      | Found Beaqaum's Antique Weapon Emporium.
   681 | D:1      | Reached skill level 4 in Fighting
   929 | D:1      | Found a faded altar of an unknown god.
  1101 | D:1      | Gained mutation: You are in touch with the powers of death.
                  | [Mummy growth]
  1101 | D:1      | Reached XP level 3. HP: 30/30 MP: 3/3
  1419 | D:2      | Identified the ring "Baus" {rF++ Will- MP+9 Str+8}
  1626 | D:2      | Noticed Ijyb
  1653 | D:2      | Killed Ijyb
  1654 | D:2      | Reached XP level 4. HP: 7/38 MP: 4/4
  1655 | D:2      | Reached skill level 5 in Fighting
  1672 | D:2      | Slain by a goblin

Illustrated notes

Levels and vault maps discovered:
D:1:      mainiacjoe_arrival_reflecting_pool, layout_rooms,
          ebering_ecumenical_altar_hall, serial_shops, shop
D:2:      kennysheep_the_goblin_king, layout_basic, minmay_tromino_mix6

Skill      XL: |  1  2  3  4 |
---------------+-------------+-----
Fighting       | 4 5 |  5.0
Polearms       | |  2.4
Dodging        | |  2.4
Stealth        | |  1.5

Action                   |  1- 3 |  4- 6 || total
-------------------------+-------+-------++-------
Melee: Spear             |   106 |       ||   106
       Morningstar       |    34 |    19 ||    53
       Punch             |     1 |       ||     1
 Stab: Sleeping          |     3 |       ||     3
Armor: Robe              |     7 |       ||     7
       Ring mail         |    23 |     8 ||    31
Dodge: Dodged            |    73 |    12 ||    85
